SAA
TOLEDO SABOTEURS @ OTTAWA NATIONALS
09/13/2042
 
TOP OF THE 1ST
Toledo Saboteurs batting - Pitching for Ottawa Nationals : RHP Mark Wells
Pitching: RHP Mark Wells
Batting: LHB Gwang-soo Deungjeong 0-0: Ball
1-0: Foul Ball, location: 2F
1-1: Foul Ball, location: 2F
1-2: Foul Ball, location: 2F
1-2: Ball
2-2: Ball
3-2: Reached on error, E4 (Groundball, 4, EV 103.1 MPH)
Batting: LHB Doug Pollock 0-0: Foul Ball, location: 2F
0-1: Foul Ball, location: 2F
0-2: Ball
1-2: SINGLE (Line Drive, 89S, EV 105.0 MPH)
Gwang-soo Deungjeong to third
Runner from 3rd tries for Home, SAFE, no throw by RF
Batting: LHB Steve Washington 0-0: Called Strike
0-1: Ball
Doug Pollock is caught stealing 2nd base 2-6
1-1: Ball
2-1: Ground out U3 (Groundball, 3, EV 95.0 MPH)
Batting: RHB Niek Bendt 0-0: Foul Ball, location: 2F
0-1: Ball
1-1: Called Strike
1-2: Ball
2-2: Ball
3-2: Base on Balls
Batting: SHB Manuel Ortíz 0-0: Ball
1-0: Swinging Strike
1-1: Ball
2-1: Called Strike
2-2: Ball
3-2: Base on Balls
Niek Bendt to second
Batting: SHB Mark Thomas 0-0: Called Strike
0-1: Called Strike
0-2: Foul Ball, location: 2F
0-2: Ball
1-2: SINGLE (Groundball, 4MD, EV 96.9 MPH)
Niek Bendt to third
Manuel Ortíz to second
Runner from 3rd tries for Home, SAFE, throw by CF to home
Batting: SHB Ralph Titus 0-0: Ball
1-0: Fielders Choice at 2nd, 5-4 (Groundball, 56, EV 83.8 MPH)
Top of the 1st over - 2 runs, 2 hits, 1 error, 2 left on base; Toledo 2 - Ottawa 0
BOTTOM OF THE 1ST
Ottawa Nationals batting - Pitching for Toledo Saboteurs : RHP Tony Ruvenacht
Pitching: RHP Tony Ruvenacht
Batting: LHB Knox Loposer 0-0: Ground out 4-3 (Groundball, 4S, EV 80.0 MPH)
Batting: LHB Ewold de Regt 0-0: SOLO HOME RUN (Flyball, 89XD, EV 87.5 MPH), Distance : 385 ft
Batting: RHB Dave Curtis 0-0: Foul Ball, location: 2F
0-1: Fly out, F9 (Line Drive, 9, EV 95.6 MPH)
Batting: LHB Juan Romero 0-0: Called Strike
0-1: Ball
1-1: Ball
2-1: Ground out 4-3 (Groundball, 4, EV 88.8 MPH)
Bottom of the 1st over - 1 run, 1 hit, 0 errors, 0 left on base; Toledo 2 - Ottawa 1
TOP OF THE 2ND
Toledo Saboteurs batting - Pitching for Ottawa Nationals : RHP Mark Wells
Batting: RHB Coy MacKey 0-0: Foul Ball, location: 2F
0-1: Swinging Strike
0-2: Ball
1-2: Ground out 5-3 (Groundball, 56S, EV 85.6 MPH)
Batting: RHB Ron Ficco 0-0: Ball
1-0: Foul Ball, location: 2F
1-1: Ball
2-1: Swinging Strike
2-2: Foul Ball, location: 2F
2-2: Fly out, F7 (Flyball, 7, EV 90.6 MPH)
Batting: LHB Gwang-soo Deungjeong 0-0: Called Strike
0-1: SINGLE (Line Drive, 4MD, EV 96.9 MPH)
Batting: LHB Doug Pollock 0-0: Ball
1-0: Ground out U3 (Groundball, 3, EV 90.0 MPH)
Top of the 2nd over - 0 runs, 1 hit, 0 errors, 1 left on base; Toledo 2 - Ottawa 1
BOTTOM OF THE 2ND
Ottawa Nationals batting - Pitching for Toledo Saboteurs : RHP Tony Ruvenacht
Batting: RHB Hulama Yani 0-0: Called Strike
0-1: Called Strike
0-2: Strikes out looking
Batting: RHB Joe Padilla 0-0: Called Strike
0-1: Ball
1-1: Fly out, F9 (Flyball, 9S, EV 83.1 MPH)
Batting: RHB Boyd Tholen 0-0: Called Strike
0-1: Called Strike
0-2: Ball
1-2: Foul Ball, location: 2F
1-2: Strikes out swinging
Bottom of the 2nd over - 0 runs, 0 hits, 0 errors, 0 left on base; Toledo 2 - Ottawa 1
TOP OF THE 3RD
Toledo Saboteurs batting - Pitching for Ottawa Nationals : RHP Mark Wells
Batting: LHB Steve Washington 0-0: Ball
1-0: Ball
2-0: Swinging Strike
2-1: Swinging Strike
2-2: Ball
3-2: Ground out 4-3 (Groundball, 4, EV 110.6 MPH)
Batting: RHB Niek Bendt 0-0: Called Strike
0-1: Swinging Strike
0-2: Ball
1-2: Foul Ball, location: 2F
1-2: Ground out 4-3 (Groundball, 4, EV 107.5 MPH)
Batting: SHB Manuel Ortíz 0-0: Ball
1-0: Called Strike
1-1: Ball
2-1: Ball
3-1: Ground out 5-3 (Groundball, 5L, EV 88.1 MPH)
Top of the 3rd over - 0 runs, 0 hits, 0 errors, 0 left on base; Toledo 2 - Ottawa 1
BOTTOM OF THE 3RD
Ottawa Nationals batting - Pitching for Toledo Saboteurs : RHP Tony Ruvenacht
Batting: RHB Nobuhiko Ohayashi 0-0: Ball
1-0: Called Strike
1-1: Ground out U3 (Groundball, 3, EV 105.0 MPH)
Batting: RHB José Cintrón 0-0: Swinging Strike
0-1: Foul Ball, location: 2F
0-2: Foul Ball, location: 2F
0-2: Foul Ball, location: 2F
0-2: Foul Ball, location: 2F
0-2: Ball
1-2: SINGLE (Line Drive, 34, EV 100.0 MPH)
Batting: LHB Knox Loposer 0-0: Foul Ball, location: 2F
0-1: Called Strike
0-2: Ball
1-2: Fly out, F7 (Flyball, 7S, EV 91.2 MPH)
Batting: LHB Ewold de Regt 0-0: Fly out, F7 (Flyball, 7LM, EV 106.9 MPH)
Bottom of the 3rd over - 0 runs, 1 hit, 0 errors, 1 left on base; Toledo 2 - Ottawa 1
TOP OF THE 4TH
Toledo Saboteurs batting - Pitching for Ottawa Nationals : RHP Mark Wells
Batting: SHB Mark Thomas 0-0: Called Strike
0-1: Called Strike
0-2: Ball
1-2: DOUBLE (Line Drive, 89D, EV 106.2 MPH)
Batting: SHB Ralph Titus 0-0: Ball
1-0: Ball
2-0: Called Strike
2-1: Called Strike
2-2: Foul Ball, location: 2F
2-2: Fly out, F3 (Line Drive, 3, EV 66.2 MPH)
Batting: RHB Coy MacKey 0-0: Called Strike
0-1: Ball
1-1: Ball
2-1: Foul Ball, location: 2F
2-2: Strikes out swinging, 2-3 out at first.
Batting: RHB Ron Ficco 0-0: Swinging Strike
0-1: Ground out U3 (Groundball, 3S, EV 88.8 MPH)
Top of the 4th over - 0 runs, 1 hit, 0 errors, 1 left on base; Toledo 2 - Ottawa 1
BOTTOM OF THE 4TH
Ottawa Nationals batting - Pitching for Toledo Saboteurs : RHP Tony Ruvenacht
Batting: RHB Dave Curtis 0-0: Called Strike
0-1: SINGLE (Flyball, 89S, EV 88.8 MPH)
Batting: LHB Juan Romero 0-0: Ball
1-0: Called Strike
1-1: Foul Ball, location: 2F
1-2: Ball
2-2: Foul Ball, location: 2F
2-2: Ball
3-2: DOUBLE (Flyball, 8LXD, EV 108.1 MPH)
Dave Curtis to third
Batting: RHB Hulama Yani 0-0: Ball
1-0: Foul Ball, location: 2F
1-1: Ground out 1-3 (Groundball, 13, EV 84.4 MPH)
Batting: RHB Joe Padilla 0-0: Fly out, F4 (Line Drive, 4, EV 68.1 MPH)
Batting: RHB Boyd Tholen 0-0: Fly out, F7 (Flyball, 78M, EV 78.1 MPH)
Bottom of the 4th over - 0 runs, 2 hits, 0 errors, 2 left on base; Toledo 2 - Ottawa 1
TOP OF THE 5TH
Toledo Saboteurs batting - Pitching for Ottawa Nationals : RHP Mark Wells
Batting: LHB Gwang-soo Deungjeong 0-0: Called Strike
0-1: Foul Ball, location: 2F
0-2: Ground out 6-3 (Groundball, 6, EV 104.4 MPH)
Batting: LHB Doug Pollock 0-0: Ball
1-0: Ball
2-0: SINGLE (Groundball, 56D, EV 106.9 MPH)
Batting: LHB Steve Washington 0-0: Ball
1-0: SINGLE (Line Drive, 78S, EV 101.9 MPH)
Doug Pollock to second
Runner from 2nd tries for 3rd, SAFE, no throw by LF
Batting: RHB Niek Bendt 0-0: Ball
1-0: Foul Ball, location: 2F
1-1: Swinging Strike
1-2: Foul Ball, location: 2F
1-2: Foul Ball, location: 2F
1-2: Ball
2-2: 3-RUN HOME RUN (Flyball, 78XD, EV 91.2 MPH), Distance : 407 ft
Batting: SHB Manuel Ortíz 0-0: Ball
1-0: Fly out, F8 (Line Drive, 8LD, EV 83.8 MPH)
Batting: SHB Mark Thomas 0-0: Ball
1-0: Ball
2-0: Foul Ball, location: 2F
2-1: Fly out, F9 (Flyball, 89M, EV 73.1 MPH)
Top of the 5th over - 3 runs, 3 hits, 0 errors, 0 left on base; Toledo 5 - Ottawa 1
BOTTOM OF THE 5TH
Ottawa Nationals batting - Pitching for Toledo Saboteurs : RHP Tony Ruvenacht
Batting: RHB Nobuhiko Ohayashi 0-0: Ball
1-0: Ball
2-0: Ball
3-0: Called Strike
3-1: Fly out, F7 (Flyball, 7S, EV 93.1 MPH)
Batting: RHB José Cintrón 0-0: Ball
1-0: Foul Ball, location: 2F
1-1: Foul Ball, location: 2F
1-2: Strikes out swinging
Batting: LHB Knox Loposer 0-0: Fly out, F6 (Popup, 6, EV 66.2 MPH)
Bottom of the 5th over - 0 runs, 0 hits, 0 errors, 0 left on base; Toledo 5 - Ottawa 1
TOP OF THE 6TH
Toledo Saboteurs batting - Pitching for Ottawa Nationals : RHP Mark Wells
Batting: SHB Ralph Titus 0-0: Ball
1-0: Called Strike
1-1: SINGLE (Groundball, 4D, EV 95.0 MPH)
Pitching: RHP Jim Maxwell
Batting: RHB Coy MacKey 0-0: Ball
1-0: Ball
2-0: Ball
3-0: Reached on error, E3 (Groundball, 3, EV 103.1 MPH)
Ralph Titus to second
Batting: RHB Ron Ficco 0-0: Bunted foul
0-1: Sac Bunt to 13S - play at first, batter OUT! 1-4
Ralph Titus to third
Coy MacKey to second
Batting: LHB Gwang-soo Deungjeong 0-0: Called Strike
0-1: Ball
1-1: SINGLE (Line Drive, 78S, EV 100.6 MPH)
Ralph Titus scores
Coy MacKey to third
Batting: LHB Doug Pollock 0-0: Called Strike
0-1: Ball
1-1: Ball
2-1: Ball
3-1: Fly out, F8 (Flyball, 8RM, EV 96.9 MPH)
Runner from 3rd tags up, OUT at HOME! 8-2
Top of the 6th over - 1 run, 2 hits, 1 error, 1 left on base; Toledo 6 - Ottawa 1
BOTTOM OF THE 6TH
Ottawa Nationals batting - Pitching for Toledo Saboteurs : RHP Tony Ruvenacht
Batting: LHB Ewold de Regt 0-0: Ball
1-0: Ball
2-0: Ground out 6-3 (Groundball, 6, EV 82.5 MPH)
Batting: RHB Dave Curtis 0-0: Called Strike
0-1: Swinging Strike
0-2: Strikes out looking
Batting: LHB Juan Romero 0-0: Swinging Strike
0-1: Foul Ball, location: 2F
0-2: Ball
1-2: Fly out, F4 (Popup, 34D, EV 63.8 MPH)
Bottom of the 6th over - 0 runs, 0 hits, 0 errors, 0 left on base; Toledo 6 - Ottawa 1
TOP OF THE 7TH
Toledo Saboteurs batting - Pitching for Ottawa Nationals : RHP Jim Maxwell
Batting: LHB Steve Washington 0-0: Fly out, F7 (Flyball, 7, EV 92.5 MPH)
Batting: RHB Niek Bendt 0-0: Swinging Strike
0-1: Foul Ball, location: 2F
0-2: Strikes out swinging
Batting: SHB Manuel Ortíz 0-0: Ball
1-0: SINGLE (Groundball, 15S, EV 68.1 MPH) (infield hit)
Batting: SHB Mark Thomas 0-0: Fly out, F7 (Flyball, 78S, EV 90.6 MPH)
Top of the 7th over - 0 runs, 1 hit, 0 errors, 1 left on base; Toledo 6 - Ottawa 1
BOTTOM OF THE 7TH
Ottawa Nationals batting - Pitching for Toledo Saboteurs : RHP Tony Ruvenacht
Batting: RHB Hulama Yani 0-0: Called Strike
0-1: Foul Ball, location: 2F
0-2: Ball
1-2: Foul Ball, location: 2F
1-2: Ball
2-2: Ground out 4-3 (Groundball, 4S, EV 86.2 MPH)
Batting: RHB Joe Padilla 0-0: Called Strike
0-1: Ball
1-1: Foul Ball, location: 2F
1-2: Fly out, F9 (Flyball, 89D, EV 93.8 MPH)
Batting: RHB Boyd Tholen 0-0: Ball
1-0: Foul Ball, location: 2F
1-1: Foul Ball, location: 2F
1-2: Ball
2-2: Strikes out swinging
Bottom of the 7th over - 0 runs, 0 hits, 0 errors, 0 left on base; Toledo 6 - Ottawa 1
TOP OF THE 8TH
Toledo Saboteurs batting - Pitching for Ottawa Nationals : RHP Jim Maxwell
Batting: SHB Ralph Titus 0-0: Ground out 6-3 (Groundball, 6, EV 100.6 MPH)
Batting: RHB Coy MacKey 0-0: Ground out 5-3 (Groundball, 56, EV 102.5 MPH)
Batting: RHB Ron Ficco 0-0: Called Strike
0-1: Foul Ball, location: 2F
0-2: Foul Ball, location: 2F
0-2: Strikes out swinging
Top of the 8th over - 0 runs, 0 hits, 0 errors, 0 left on base; Toledo 6 - Ottawa 1
BOTTOM OF THE 8TH
Ottawa Nationals batting - Pitching for Toledo Saboteurs : RHP Tony Ruvenacht
Batting: RHB Nobuhiko Ohayashi 0-0: Called Strike
0-1: Ball
1-1: Swinging Strike
1-2: Ball
2-2: Ball
3-2: Ground out 6-3 (Groundball, 6, EV 81.9 MPH)
Batting: RHB José Cintrón 0-0: Called Strike
0-1: Called Strike
0-2: Ball
1-2: Ball
2-2: Foul Ball, location: 2F
2-2: Strikes out swinging
Batting: LHB Knox Loposer 0-0: Foul Ball, location: 2F
0-1: Ball
1-1: Fly out, F8 (Flyball, 8LS, EV 87.5 MPH)
Bottom of the 8th over - 0 runs, 0 hits, 0 errors, 0 left on base; Toledo 6 - Ottawa 1
TOP OF THE 9TH
Toledo Saboteurs batting - Pitching for Ottawa Nationals : RHP Jim Maxwell
Pitching: RHP Stu Searle
Batting: LHB Gwang-soo Deungjeong 0-0: Called Strike
0-1: Foul Ball, location: 2F
0-2: Fly out, F8 (Flyball, 8LM, EV 88.8 MPH)
Batting: LHB Doug Pollock 0-0: Called Strike
0-1: Foul Ball, location: 2F
0-2: Ball
1-2: Strikes out swinging
Batting: LHB Steve Washington 0-0: Ball
1-0: Ball
2-0: Ball
3-0: Base on Balls
Batting: RHB Niek Bendt 0-0: Fly out, F1 (Line Drive, P, EV 68.1 MPH)
Top of the 9th over - 0 runs, 0 hits, 0 errors, 1 left on base; Toledo 6 - Ottawa 1
BOTTOM OF THE 9TH
Ottawa Nationals batting - Pitching for Toledo Saboteurs : RHP Tony Ruvenacht
Batting: LHB Ewold de Regt 0-0: Ball
1-0: Ground out 5-3 (Groundball, 5, EV 110.6 MPH)
Batting: RHB Dave Curtis 0-0: Ball
1-0: TRIPLE (Line Drive, 89XD, EV 106.9 MPH)
Pitching: RHP Jim Harris
Batting: LHB Juan Romero 0-0: Swinging Strike
0-1: Foul Ball, location: 2F
0-2: Ball
1-2: Ball
2-2: Foul Ball, location: 2F
2-2: Fly out, F7 (Flyball, 7, EV 86.9 MPH)
Runner from 3rd tags up, SCORES, no throw by LF
Batting: RHB Hulama Yani 0-0: Ball
1-0: Called Strike
1-1: Called Strike
1-2: Foul Ball, location: 2F
1-2: Foul Ball, location: 2F
1-2: Foul Ball, location: 2F
1-2: Strikes out looking
Bottom of the 9th over - 1 run, 1 hit, 0 errors, 0 left on base; Toledo 6 - Ottawa 2
Friday, March 26th, 2021 - OOTP Baseball 20.8 Build 74